 Dungeon Crawl Stone Soup version 0.20.1-1-g8b1a95d66d (webtiles) character file.

160 Gomac the Covert (level 5, -8/26 HPs)
             Began as a Spriggan Assassin on Dec 8, 2017.
             Killed from afar by an orc wizard (11 damage)
             ... with a magic dart
             ... on level 4 of the Dungeon.
             The game lasted 00:03:35 (1897 turns).

Gomac the Covert (Spriggan Assassin)                Turns: 1897, Time: 00:03:35

Health: -8/26      AC:  3    Str: 12    XL:     5   Next: 17%
Magic:  6/6        EV: 20    Int: 13    God:
Gold:   111        SH:  0    Dex: 18    Spells: 4/4 levels left

rFire    . . .     SeeInvis +   a - +2 dagger
rCold    . . .     Gourm    .   (shield restricted)
rNeg     . . .     Faith    .   c - +0 robe
rPois    .         Spirit   .   (helmet restricted)
rElec    .         Reflect  .   d - +0 cloak
rCorr    .         Harm     .   (gloves unavailable)
MR       .....                  (boots unavailable)
Stlth    ++++......             (no amulet)
Regen    0.1/turn               t - +3 ring of evasion
MPRegen  0.1/turn               (no ring)

@: mighty, very quick
A: unfitting armour, see invisible, herbivore 3, speed 3, slow metabolism 2
a: no special abilities


You were on level 4 of the Dungeon.
You were not hungry.

You visited 1 branch of the dungeon, and saw 4 of its levels.

You collected 111 gold pieces.

Inventory:

Hand Weapons
 a - a +2 dagger (weapon)
 b - a +0 blowgun
Missiles
 e - 21 poisoned needles
 f - 2 curare-tipped needles
Armour
 c - a +0 robe (worn)
 d - a +0 cloak (worn)
Jewellery
 t - a +3 ring of evasion (left hand)
Scrolls
 i - a scroll of random uselessness
 j - a scroll of identify
 k - a scroll of amnesia
 l - a scroll of remove curse
Potions
 o - a potion of might
 p - a potion of invisibility {unknown}
 s - a potion of mutation {unknown}
Comestibles
 g - 3 bread rations
 h - a royal jelly
 q - a fruit


   Skills:
 + Level 1.9 Fighting
 + Level 3.1 Short Blades
 - Level 2.0 Throwing
 + Level 2.2 Dodging
 + Level 9.0 Stealth


You had 4 spell levels left.
You didn't know any spells.

Dungeon Overview and Level Annotations

Branches:
Dungeon (4/15)
 Temple: D:4-7

Altars:
Uskayaw


Innate Abilities, Weirdness & Mutations

You are very small and have problems with some larger weapons.
You are too small for most types of armour.
You have supernaturally acute eyesight. (SInv)
You are a herbivore.
You cover ground extremely quickly.
You need consume almost no food.


Message History

You bump into the rock wall.
You feel less confused.
You puncture the orc wizard!
The orc wizard is heavily wounded.
The orc wizard closely misses you.
You closely miss the orc wizard.
The orc wizard is heavily wounded.
You puncture the orc wizard!
You kill the orc wizard!
Your Stealth skill increases to level 9!
You have reached level 5!
You feel clever.
You puncture the orc!
You kill the orc!
You barely miss the orc wizard. The orc wizard barely misses you.
You puncture the orc wizard!
The orc wizard is heavily wounded.
The orc wizard points at you and mumbles some strange words.
The magic dart hits you!
You die...

.# .# .# .# ##+# .#
##...## # .# ##.....##
##.# .# ##.......## ##.#.#
.####.........####....####
....+....|....'.@oo.......
.####.........####....###
## #.......## ##....... #
##.....## .#.#### #
##...## .. .# # ##'## ...
# # #.# .... # #># .##.#
#########.## .# .#


You could see an orc wizard (invisible) and an orc.

Vanquished Creatures
  2 orc priests (D:4)
  An orc wizard (D:4)
  3 adders (D:2)
  An ooze (D:2)
  A dart slug (D:1)
  2 leopard geckos (D:2)
  4 orcs (D:4)
  A bat zombie (D:1)
  A giant cockroach (D:2)
  3 goblins
  3 hobgoblins (D:2)
  2 jackals (D:3)
  5 bats
  4 frilled lizards
  3 kobolds
  A leopard gecko zombie (D:1)
  5 rats
42 creatures vanquished.

Notes
Turn   | Place    | Note
-------+----------+-------------------------------------------
     0 | D:1      | Gomac the Spriggan Assassin began the quest for the Orb.
     0 | D:1      | Reached XP level 1. HP: 10/10 MP: 2/2
    15 | D:1      | Reached skill level 6 in Stealth
   414 | D:1      | Reached XP level 2. HP: 14/14 MP: 3/3
   996 | D:2      | Found a hide-covered altar of Uskayaw.
  1055 | D:2      | Reached skill level 7 in Stealth
  1077 | D:2      | Reached XP level 3. HP: 15/18 MP: 4/4
  1584 | D:3      | Reached XP level 4. HP: 23/23 MP: 5/5
  1628 | D:4      | Reached skill level 8 in Stealth
  1894 | D:4      | Reached skill level 9 in Stealth
  1894 | D:4      | Reached XP level 5. HP: 3/26 MP: 6/6
  1897 | D:4      | Killed from afar by an orc wizard

Skill      XL: |  1  2  3  4 |
---------------+-------------+-----
Stealth        | 6 7 9 |  9.0
Short Blades   | 3 |  3.1
Dodging        | 2 |  2.2
Fighting       | |  1.9
Throwing       | |  2.0

Action                   |  1- 3 |  4- 6 || total
-------------------------+-------+-------++-------
Melee: Dagger            |    80 |    30 ||   110
  Use: Scroll            |       |     7 ||     7
       Potion            |       |     1 ||     1
 Stab: Sleeping          |    20 |     5 ||    25
Armor: Robe              |     6 |     2 ||     8
Dodge: Dodged            |    39 |    13 ||    52
